cohdb
Replays
Latest Replays
All Replays
Popular Replays
Top Player Replays
Match Explorer
How It Works
Community
CoH3 Stats
Reddit
Sign in to upload your games and track your stats! →
Sign in with Steam
Match 40658498
Unlisted
Match 40658498
Overview
Messages
Build Orders
End
Construct Barracks
Selects Armored Battlegroup
Selects Assault Engineers
Assault Engineer Squad
1⁄4-ton 4x4 Truck
Assault Engineer Squad
1⁄4-ton 4x4 Truck
Assault Engineer Squad
Selects Fast Deploy
M1 Mortar Team
Air Support Center
Construct Medical Station
P-47 Strafing Run
M1 Mortar Team
P-47 Strafing Run
Grasshopper Recon Run
Construct Tank Depot
Selects Seek and Destroy
P-47 Strafing Run
Selects UNKNOWN (2160077)
Selects Field Repairs
IronPixie
chrislim
Moltke1871
GregLim
JJolMangi
為了帝皇
monkey king
qazqaz0240
0
0
Comments
sign in to comment!
No comments posted yet!